 Dungeon Crawl Stone Soup version 0.30-a0-603-g51a0fb1b98 (webtiles) character file.

Game seed: 15736511645180127307

1899 HoaS the Skirmisher (level 9, 0/48 HPs)
             Began as a Gargoyle Hunter on Jan 7, 2023.
             Was an Initiate of Gozag.
             Engulfed by a cloud of flame (13 damage)
             ... on level 7 of the Dungeon.
             The game lasted 00:14:17 (6242 turns).

HoaS the Skirmisher (Gargoyle Hunter)               Turns: 6242, Time: 00:14:18

Health: 0/48       AC: 18    Str: 28    XL:     9   Next: 15%
Magic:  9/9        EV: 11    Int:  9    God:    Gozag
Gold:   705        SH:  0    Dex: 17    Spells: 8/8 levels left

rFire   . . .      SeeInvis .    a - +2 shortbow
rCold   . . .      Faith    .    (shield currently unavailable)
rNeg    + . .      Spirit   .    o - +0 ring mail
rPois   ∞          Reflect  .    f - +1 helmet
rElec   +          Harm     .    m - +2 cloak
rCorr   .          Rampage  .    u - +1 pair of gloves
Will    .....                    (no boots)
Stlth   +                        s - amulet of the acrobat
HPRegen 0.28/turn                h - +6 ring of strength
MPRegen 0.11/turn                i - +6 ring of strength

@: gold aura
A: sickness immunity, AC +6, negative energy resistance 1, electricity
resistance, torment resistance 1, petrification resistance
a: Renounce Religion, Potion Petition, Call Merchant, Bribe Branch


You were on level 7 of the Dungeon.
You worshipped Gozag.
Gozag was pleased with you.
You visited 2 branches of the dungeon, and saw 8 of its levels.

You collected 773 gold pieces.
You paid 68 gold pieces to Gozag.

Inventory:

Hand Weapons
 a - a +2 shortbow (weapon)
 y - a +0 shortbow
 z - a +0 club
Armour
 f - a +1 helmet (worn)
 m - a +2 cloak (worn)
 o - a +0 ring mail (worn)
 u - a +1 pair of gloves (worn)
Jewellery
 h - a +6 ring of strength (left hand)
 i - a +6 ring of strength (right hand)
 p - a ring of see invisible
 s - an amulet of the acrobat (around neck)
 D - a ring of wizardry
Wands
 l - a wand of light (14)
 n - a wand of flame (19)
 C - a wand of mindburst (10)
Scrolls
 b - a scroll of immolation
 c - a scroll of blinking
 v - a scroll of silence
 x - a scroll of enchant armour
 A - a scroll of magic mapping {unknown}
 E - a scroll of amnesia {unknown}
Potions
 d - 3 potions of attraction
 e - 2 potions of resistance
 g - 3 potions of lignification
 j - a potion of curing
 k - 2 potions of flight
 q - a potion of ambrosia
 r - 2 potions of mutation {unknown}
 t - a potion of haste {unknown}
 w - a potion of might {unknown}
 B - a potion of magic {unknown}


   Skills:
 - Level 2.1 Fighting
 + Level 12.2 Ranged Weapons
 - Level 1.5 Dodging
 - Level 1.1 Stealth


You had 8 spell levels left.
You didn't know any spells.
Your spell library contained the following spells:

 Spells                   Type           Power      Damage    Failure   Level
 Summon Guardian Golem    Hex/Summ       0%         N/A       87%         3
 Animate Armour           Summ/Erth      0%         N/A       99%         4
 Blade Hands              Tmut           0%         N/A       100%        5
 Iron Shot                Conj/Erth      0%         9d1       100%        6
 Orb of Destruction       Conj           0%         9d5       100%        7
 Spellforged Servitor     Conj/Summ      0%         N/A       100%        7


Dungeon Overview and Level Annotations

Branches:
Dungeon (7/15)             Temple (1/1) D:4

Altars:
Ashenzari
Cheibriados
Dithmenos
Elyvilon
Gozag
Hepliaklqana
Kikubaaqudgha
Makhleb
Nemelex Xobeh
Okawaru
Qazlal
Ru
Sif Muna
Trog
Uskayaw
Vehumet
Wu Jian
Xom
Yredelemnul
Zin

Shops:
D:6 :


Innate Abilities, Weirdness & Mutations

You are immune to sickness and miasma.
Your stone body is resilient. (AC +6)
You are immune to poison.
You resist negative energy. (rN+)
You are resistant to electric shocks. (rElec)
You are resistant to unholy torment.
You are immune to petrification.


Message History

The arrow hits the orc wizard but does no damage.
The orc wizard is lightly wounded.
You shoot an arrow.
The arrow closely misses the orc wizard.
The arrow hits the orc priest.
The orc priest is moderately wounded.
The orc wizard points at you and mumbles some strange words.
The magic dart hits you.
You shoot an arrow. The arrow hits the orc wizard!
The orc wizard is almost dead.
The orc wizard points at you and mumbles some strange words.
You are confused.
The orc priest calls upon Beogh to heal the orc wizard.
The orc wizard is healed somewhat.
You bump into the rock wall.
The orc wizard hits you but does no damage.
The orc priest invokes the aid of Beogh against you.
You struggle to resist.
You clumsily bash the orc priest but do no damage.
The orc priest is moderately wounded.
The orc wizard gestures at you while chanting.
You easily resist.
The orc wizard hits you but does no damage.
The orc priest barely misses you.
You bump into the rock wall.
The orc wizard hits you but does no damage.
The orc barely misses you.
The orc priest hits you but does no damage.
You clumsily bash the orc wizard but do no damage.
The orc wizard is heavily wounded.
You feel less confused. The orc hits you but does no damage.
You shoot an arrow. The arrow hits the orc wizard!
You kill the orc wizard!
You are engulfed in blazing flames.
The orc closely misses you.
You shoot an arrow.
The arrow closely misses the orc priest.
You are engulfed in blazing flames.
You die...
Your body crumbles into a pile of gold.

####....#.#........#.#.#.....#
#.....$......#.##>#.#######
#......○..........#.#
#...####☼####.......# ####...# #.
#..###### .......# ##.##
#.....############
.#.....#########☼○##(............
.#.#.#)§§.#8#§§§☼################
...#.).#########@## .....))# # ##
#oo# ...#.#.# #° #..#
.......####.####..#
##................#
#####..##...#..##.#
...##..####.......#
##........####.####
..........####.###


You could see an orc priest and an orc.

Vanquished Creatures
  2 wyverns
  A water moccasin (D:6)
  A black bear (D:7)
  A centaur (D:7)
  3 phantoms
  A kobold brigand (D:6)
  2 bullfrogs (D:7)
  A gnoll sergeant (D:7)
  2 scorpions
  A howler monkey (D:4)
  2 jellies
  2 orc priests (D:6)
  6 hounds
  Jessica (D:2)
  2 iguanas
  Terence (D:3)
  5 orc wizards
  4 gnolls
  5 adders
  3 shadow imps
  4 white imps
  An ufetubus (D:4)
  3 worms (D:4)
  A dart slug (D:1)
  11 orcs
  3 endoplasms
  A giant cockroach (D:1)
  9 goblins
  4 hobgoblins
  5 jackals
  18 kobolds
  3 quokkas
  5 ball pythons
  6 bats
  4 frilled lizards
  7 rats
131 creatures vanquished.

Vanquished Creatures (others)
  A kobold brigand (D:7)
  3 gnolls (D:7)
  A kobold (D:7)
  4 fungi (D:5)
9 creatures vanquished.

Grand Total: 140 creatures vanquished

Notes
Turn   | Place    | Note
-------+----------+-------------------------------------------
     0 | D:1      | HoaS the Gargoyle Hunter began the quest for the Orb.
     0 | D:1      | Reached XP level 1. HP: 12/12 MP: 1/1
   239 | D:1      | Reached XP level 2. HP: 14/17 MP: 2/2
  1150 | D:2      | Reached XP level 3. HP: 21/21 MP: 3/3
  1187 | D:1      | Reached skill level 5 in Ranged Weapons
  1237 | D:2      | Noticed Jessica
  1240 | D:2      | Killed Jessica
  1241 | D:2      | Reached XP level 4. HP: 24/26 MP: 4/4
  1281 | D:2      | Found a faded altar of an unknown god.
  1610 | D:3      | Noticed Terence
  1626 | D:3      | Killed Terence
  1627 | D:3      | Reached skill level 6 in Ranged Weapons
  1860 | D:3      | Reached XP level 5. HP: 30/30 MP: 5/5
  2457 | D:4      | Found a staircase to the Ecumenical Temple.
  2481 | Temple   | Entered the Ecumenical Temple
  2670 | Temple   | Became a worshipper of Gozag Ym Sagoz the Greedy
  2945 | D:4      | Found an iron altar of Okawaru.
  3013 | D:4      | Reached skill level 7 in Ranged Weapons
  3013 | D:4      | Reached XP level 6. HP: 25/35 MP: 6/6
  3319 | D:5      | Entered Level 5 of the Dungeon
  3603 | D:5      | Reached skill level 8 in Ranged Weapons
  3610 | D:5      | Reached XP level 7. HP: 29/40 MP: 7/7
  3743 | D:5      | Found a shimmering blue altar of Sif Muna.
  4128 | D:6      | Reached skill level 9 in Ranged Weapons
  4207 | D:6      | Found Avofiu's Book Emporium.
  4241 | D:6      | Noticed a wyvern
  4266 | D:6      | Killed a wyvern
  4267 | D:6      | Reached XP level 8. HP: 14/44 MP: 8/8
  4433 | D:6      | Reached skill level 10 in Ranged Weapons
  4583 | D:6      | Identified the +9 dagger of Wifeunao {protect, Str+5}
  4878 | D:6      | Reached skill level 11 in Ranged Weapons
  5561 | D:7      | Found a broken altar of Ashenzari.
  5561 | D:7      | Noticed a wyvern
  5721 | D:7      | Reached XP level 9. HP: 26/48 MP: 9/9
  5852 | D:7      | Reached skill level 12 in Ranged Weapons
  6242 | D:7      | Engulfed by a cloud of flame

Illustrated notes

Levels and vault maps discovered:
D:1:      psy_arrival_radial01, layout_basic, item_on_display_a
D:2:      layout_basic, ebering_ecumenical_altar_rust, serial_corexii_hall,
          corexii_hall_statues_i, chequers_hall_statues_y, uniq_jessica
D:3:      layout_rooms, uniq_terence
D:4:      minmay_door_path, layout_rooms,
          hellmonk_okawaru_the_only_friend_you_need,
          minmay_temple_entry_offerings
D:5:      layout_basic, lemuel_blue_sif_altar, serial_glass, glass_columns_c,
          glass_columns_a, dreamdust_gnoll_farm
D:6:      layout_basic, serial_shops, shop, kennysheep_generic_room_8
D:7:      layout_loops_cross, ashenzari_conservatory_becter,
          lemuel_flamethrower_2
Temple:   bh_familiar_temple

Skill      XL: |  1  2  3  4  5  6  7  8  9 |
---------------+----------------------------+-----
Ranged Weapons | 5 6 7 8 9 11 12 | 12.2
Fighting       | |  2.1
Dodging        | |  1.5
Stealth        | |  1.1

Action                   |  1- 3 |  4- 6 |  7- 9 || total
-------------------------+-------+-------+-------++-------
Melee: Shortbow          |       |       |     2 ||     2
 Fire: Shortbow          |    75 |   190 |   293 ||   558
  Use: Scroll            |     5 |     7 |     5 ||    17
       Potion            |       |     1 |     3 ||     4
Armor: Leather armour    |    17 |     2 |       ||    19
       Ring mail         |       |    39 |    95 ||   134
Dodge: Dodged            |    33 |    53 |    99 ||   185

Table legend: (Time is in decaauts)
 A = Elapsed time spent in this place.
 B = Non-inter-level travel time spent in this place.
 C = Inter-level travel time spent in this place.
 D = Time resting spent in this place.
 E = Time spent auto-exploring this place.
 F = Levels seen in this place.
 G = Mean time per level.
                   A        B        C        D        E       F      G
               +--------+--------+--------+--------+--------+-----+--------+
         Total |   6333 |   6044 |    289 |   1279 |   3402 |   8 |  791.6 |
       Dungeon |   6132 |   5854 |    278 |   1279 |   3237 |   7 |  876.0 |
        Temple |    200 |    189 |     11 |      0 |    165 |   1 |  200.0 |
               +--------+--------+--------+--------+--------+-----+--------+

Top non-repeatable levels by time:
     D:6: 1175 daAuts
     D:1: 1008 daAuts
     D:7: 971 daAuts
     D:4: 955 daAuts
     D:5: 777 daAuts
     D:2: 751 daAuts
     D:3: 492 daAuts
  Temple: 200 daAuts
